 Dungeon Crawl Stone Soup version 0.20.1-1-g8b1a95d66d (webtiles) character file.

177 NullDivider the Sneak (level 5, -6/35 HPs)
             Began as an Octopode Artificer on Nov 22, 2017.
             Mangled by Sigmund
             ... wielding a +0 scythe
              (14 damage)
             ... on level 3 of the Dungeon.
             The game lasted 00:09:26 (2488 turns).

NullDivider the Sneak (Octopode Artificer)          Turns: 2488, Time: 00:09:26

Health: -6/35      AC:  1    Str: 11    XL:     5   Next: 57%
Magic:  7/7        EV: 16    Int: 14    God:
Gold:   117        SH:  0    Dex: 13    Spells: 4/4 levels left

rFire    . . .     SeeInvis .   h - +1 dagger (drain)
rCold    . . .     Gourm    .   (no shield)
rNeg     . . .     Faith    .   (helmet restricted)
rPois    .         Spirit   .   a - amulet of harm
rElec    .         Reflect  .   o - +2 ring of evasion
rCorr    .         Harm     +   (no ring)
MR       .....                  (no ring)
Stlth    +++++.....             (no ring)
Regen    0.2/turn               (no ring)
MPRegen  0.1/turn               (no ring)
                                (no ring)
                                (no ring)

@: no status effects
A: almost no armour, stealthy swim, amphibious, 8 rings, constrict 8, camouflage
1, gelatinous body 1
a: no special abilities


You were on level 3 of the Dungeon.
You were not hungry.

You visited 1 branch of the dungeon, and saw 3 of its levels.

You collected 117 gold pieces.

Inventory:

Hand Weapons
 h - a +1 dagger of draining (weapon)
Jewellery
 a - an amulet of harm (around mantle)
 o - a +2 ring of evasion (left tentacle)
Wands
 b - a wand of flame (15/48)
 c - a wand of enslavement (14/24)
 d - a wand of random effects (15/48)
 r - a wand of iceblast (8/15)
Scrolls
 e - 2 scrolls of remove curse
 i - 2 scrolls of blinking {unknown}
 n - a scroll of enchant armour {unknown}
 p - a scroll of enchant weapon {unknown}
 q - a scroll of identify {unknown}
Potions
 g - a potion of ambrosia {unknown}
 j - 2 potions of curing {unknown}
 m - a potion of haste {unknown}
Comestibles
 f - 2 bread rations
 k - 2 chunks of flesh
 l - 2 meat rations


   Skills:
 + Level 2.4 Fighting
 + Level 2.2 Short Blades
 * Level 3.0 Dodging
 * Level 4.2 Stealth
 + Level 3.8 Evocations


You had 4 spell levels left.
You didn't know any spells.

Dungeon Overview and Level Annotations

Branches:
Dungeon (3/15)

Altars:
Dithmenos
Gozag
Ru

Portals:
Sewer: D:3

Annotations:
D:3 Sigmund


Innate Abilities, Weirdness & Mutations

You cannot wear most types of armour.
You are very stealthy in the water. (Stealth+)
You are amphibious.
You can wear up to eight rings at the same time.
You can use your tentacles to constrict eight enemies at once.
Your skin changes colour to match your surroundings (Stealth+).
Your rubbery body absorbs attacks. (AC +1, EV +1)


Message History

an uncursed hunting sling; 3 stones You hear the rusting of a drain.
A worm comes into view.
Found a glowing drain.
A worm comes into view.
Sigmund is no longer charmed.
You can no longer detect the Sigmund.
A magic dart appears from out of thin air!
Deactivating autopickup; reactivate with Ctrl-A.
The magic dart hits you! The worm misses you.
You hit the worm. You drain the worm! You grab the worm.
The worm is heavily wounded.
You constrict the worm.
You hear a splashing noise.
You hit the worm.
The worm is severely wounded.
You constrict the worm. The worm bites you!
* * * LOW HITPOINT WARNING * * *
Something hits you!
You die...

##≈.....#
##≈≈....##
###≈≈#...####
#≈≈#......##
#≈≈#...##..#
#≈≈##......#
##≈≈∩####...##
#.≈≈≈w≈≈≈....#
#..≈≈≈@≈{≈...#
#.≈w#####≈≈###
#### #### ####


You could see 2 worms.

Vanquished Creatures
  An orc wizard (D:2)
  A bullfrog skeleton (D:3)
  Natasha (D:3)
  3 adders
  3 oozes (D:1)
  3 worms (D:2)
  A dart slug (D:1)
  A leopard gecko (D:2)
  A giant cockroach (D:1)
  5 goblins
  3 hobgoblins
  6 kobolds
  3 quokkas (D:2)
  7 bats
  6 frilled lizards
  6 rats
51 creatures vanquished.

Notes
Turn   | Place    | Note
-------+----------+-------------------------------------------
     0 | D:1      | NullDivider the Octopode Artificer began the quest for the Orb.
     0 | D:1      | Reached XP level 1. HP: 13/13 MP: 3/3
   133 | D:1      | Reached skill level 2 in Stealth
   133 | D:1      | Reached XP level 2. HP: 10/18 MP: 4/4
   538 | D:1      | Reached XP level 3. HP: 23/23 MP: 5/5
  1384 | D:2      | Reached skill level 3 in Stealth
  1445 | D:2      | Found an opulent altar of Gozag.
  1625 | D:2      | Found a sacrificial altar of Ru.
  1635 | D:2      | Reached XP level 4. HP: 22/29 MP: 6/6
  2216 | D:3      | Reached XP level 5. HP: 28/34 MP: 7/7
  2337 | D:3      | Noticed Natasha
  2344 | D:3      | Reached skill level 4 in Stealth
  2348 | D:3      | Killed Natasha
  2374 | D:3      | Found a shadowy altar of Dithmenos.
  2455 | D:3      | Noticed Sigmund
  2476 | D:3      | Found a glowing drain.
  2488 | D:3      | Mangled by Sigmund

Skill      XL: |  1  2  3  4  5 |
---------------+----------------+-----
Stealth        | 2 3 4 |  4.2
Fighting       | 2 |  2.4
Short Blades   | 2 |  2.2
Dodging        | 3 |  3.0
Evocations     | |  3.8

Action                   |  1- 3 |  4- 6 || total
-------------------------+-------+-------++-------
Melee: Short sword       |    24 |       ||    24
       Constrict         |     9 |     6 ||    15
       Tentacles         |     8 |     5 ||    13
       Dagger            |    35 |    34 ||    69
Evoke: Wand              |       |     1 ||     1
  Use: Scroll            |     1 |       ||     1
 Stab: Sleeping          |    18 |     8 ||    26
       Paralysed         |       |     1 ||     1
  Eat: Chunk             |     2 |     3 ||     5
Armor: Skin              |     4 |     1 ||     5
Dodge: Dodged            |    21 |    16 ||    37
